 Dungeon Crawl Stone Soup version 0.32-a0-747-gc8563f6773 (webtiles) character file.

Game seed: 2158889739341919842

341 cojito the Ruffian (level 6, 0/51 HPs)
             Began as a Draconian Shapeshifter on Mar 17, 2024.
             Was an Initiate of Wu Jian.
             Incinerated by a bombardier beetle (3 damage)
             ... with a burning spray
             ... on level 4 of the Dungeon.
             The game lasted 00:04:57 (2824 turns).

cojito the Ruffian (Draconian Shapeshifter)         Turns: 2824, Time: 00:04:57

Health: 0/51       AC:  6    Str: 24    XL:     6   Next: 30%
Magic:  6/6        EV: 26    Int: 11    God:    Wu Jian [......]
Gold:   274        SH:  0    Dex: 10    Spells: 5/5 levels left

rFire   . .          .
                       - Unarmed
rCold   . . .        (no shield)
rNeg    . . .        (body armour unavailable)
rPois   .            (helmet currently unavailable)
rElec   .            (cloak currently unavailable)
rCorr   .            (gloves currently unavailable)
SInv    .            (boots currently unavailable)
Will    +....        d - amulet of the acrobat
Stlth   +            l - +6 ring of strength
HPRegen 0.28/turn    q - ring of willpower
MPRegen 0.10/turn

%: acrobat
@: on fire, beast-form, acrobatic, glowing
A: beast (slay +2), AC +6, unfitting armour, cold-blooded
a: Begin Untransformation, Renounce Religion


You were on level 4 of the Dungeon.
You worshipped Wu Jian.
Wu Jian was noncommittal.
You were a hulking beast.
You visited 1 branch of the dungeon, and saw 4 of its levels.

You collected 274 gold pieces.

Inventory:

Hand Weapons
 k - a +3 dagger of protection
Armour
 g - a +0 cloak
 t - a +0 pair of gloves
Magical Staves
 i - a staff of death
Jewellery
 d - an amulet of the acrobat (around neck)
 l - a +6 ring of strength (left hand)
 p - a +6 ring of intelligence
 q - a ring of willpower (right hand)
Talismans
 b - a beast talisman (active)
 c - a flux talisman
 m - a serpent talisman
Scrolls
 e - 2 scrolls of silence {unknown}
 j - 3 scrolls of revelation
 n - a scroll of amnesia {unknown}
 o - a scroll of immolation {unknown}
 r - 3 scrolls of teleportation
Potions
 a - 2 potions of might
 h - 3 potions of heal wounds
 s - 2 potions of curing {unknown}
 u - a potion of ambrosia {unknown}
 v - a potion of attraction
 w - a potion of resistance {unknown}
 x - a potion of enlightenment


   Skills:
 + Level 3.5 Fighting
 + Level 3.3 Dodging
 + Level 4.4 Unarmed Combat
 + Level 4.2 Shapeshifting


You had 5 spell levels left.
You didn't know any spells.
Your spell library was empty.

Dungeon Overview and Level Annotations

Branches:
Dungeon (4/15)
 Temple: D:4-7

Altars:
Makhleb
Trog
Uskayaw
Wu Jian

Shops:
D:2 [(

Annotations:
D:4 2 transporters


Innate Abilities, Weirdness & Mutations

You are a hulking beast.
Your limbs bulge with bestial killing power. (Slay +2)
Your plain brown scales are hard. (AC +6)
You cannot fit into any form of body armour.
You are cold-blooded and may be slowed by cold attacks.


Message History

You hit the bombardier beetle.
The bombardier beetle is moderately wounded.
You hit the bombardier beetle.
The bombardier beetle is moderately wounded.
The bombardier beetle bites you but does no damage.
You closely miss the bombardier beetle.
The bombardier beetle is moderately wounded.
You hit the bombardier beetle. You tail-slap the bombardier beetle.
The bombardier beetle is heavily wounded.
The bombardier beetle sprays incendiary fluid at you.
The burning spray hits you.
You are covered in liquid fire!
You hit the bombardier beetle. You tail-slap the bombardier beetle.
The bombardier beetle is almost dead.
The liquid fire burns you!
You barely miss the bombardier beetle.
Your tail-slap misses the bombardier beetle.
The bombardier beetle is almost dead.
The liquid fire burns you!
The bombardier beetle sprays incendiary fluid at you.
The burning spray hits you.
You are even more covered in liquid fire!
You hit the bombardier beetle. You punch the bombardier beetle.
You kill the bombardier beetle!
The Council accepts your kill. The liquid fire burns you!
You shake off some of the fire as you move.
The liquid fire burns you!
* * * LOW HITPOINT WARNING * * *
You shake off some of the fire as you move.
The liquid fire burns you!
* * * LOW HITPOINT WARNING * * *
You are on fire!
You are on fire!
The liquid fire burns you!
* * * LOW HITPOINT WARNING * * *
The liquid fire burns you!
* * * LOW HITPOINT WARNING * * *
The liquid fire burns you!
You die...

# #.#.#...#.≈~⌠P≈.#.#
########.#.#...#.≈~P~≈.#.#
.........#.#...#.≈...≈5#.#
.......#<......#.≈...≈K#.#
#.####.#...#.#.####+####.#
.....#.#.#.#.#.#P..$..~#.#
###..#.#.#.# #.#ßP$©$Pß#.#
.....#.#.#.# #.#########.#
..#..#.#.#.# #..h..©..)..#
#.#†.#.#...# #####...#####
#.#..# #..## #.........#
#.#..# #.........# #.#..#
..........).# #.#..#
.....$.......# #.#...
...B.........# #.#..#
.......####### # .......


You could see a kobold demonologist and a shadow imp.

Vanquished Creatures
  A black bear (D:4)
  An ogre (D:2)
  A bombardier beetle (D:4)
  6 adders
  2 ribbon worms (D:3)
  3 orcs
  13 ball pythons
  5 endoplasms
  5 giant cockroaches
  12 goblins
  4 hobgoblins
  2 jackals (D:1)
  A quokka (D:4)
  2 bats (D:1)
  4 frilled lizards
  3 kobolds
  4 rats
69 creatures vanquished.

Notes
Turn   | Place    | Note
-------+----------+-------------------------------------------
     0 | D:1      | cojito the Draconian Shapeshifter began the quest for the
                  | Orb.
     0 | D:1      | Reached XP level 1. HP: 16/16 MP: 1/1
   171 | D:1      | Reached XP level 2. HP: 23/23 MP: 2/2
   566 | D:1      | Found a faded altar of an unknown god.
   873 | D:2      | Noticed an ogre
   879 | D:2      | Reached XP level 3. HP: 29/29 MP: 3/3
   882 | D:2      | Killed an ogre
   883 | D:2      | Reached XP level 4. HP: 36/37 MP: 4/4
  1066 | D:2      | Found Lanufy's Antique Armour Boutique.
  1164 | D:2      | Found an ornate altar of the Wu Jian Council.
  1192 | D:2      | Reached XP level 5. HP: 42/42 MP: 5/5
  1341 | D:2      | Became a worshipper of the Wu Jian Council
  1413 | D:2      | Found Hiacukk's Weapon Shop.
  1699 | D:3      | Found a bloodstained altar of Trog.
  2075 | D:3      | Found a hide-covered altar of Uskayaw.
  2406 | D:4      | Found a transporter.
  2713 | D:4      | Found a burning altar of Makhleb.
  2715 | D:4      | Noticed a green death
  2719 | D:4      | Noticed a neqoxec
  2719 | D:4      | Noticed an orange demon
  2761 | D:4      | Noticed a kobold demonologist
  2784 | D:4      | Found a transporter.
  2797 | D:4      | Noticed a black bear
  2812 | D:4      | Killed a black bear
  2813 | D:4      | Reached XP level 6. HP: 27/51 MP: 6/6
  2824 | D:4      | Incinerated by a bombardier beetle

Illustrated notes

Levels and vault maps discovered:
D:1:      spicycebolla_arrival_clurvy, layout_basic,
          dreamdust_ecumenical_altar_hidden_monk_grotto
D:2:      layout_loops_ring, basic_altar, serial_shops, nicolae_shop_waterfront,
          shop
D:3:      layout_loops_corners, mainiacjoe_overflow_cross_hatched,
          mainiacjoe_overflow_boulevard
D:4:      gammafunk_wand_slinger, layout_basic, makhleb_altar_promises_db

Skill      XL: |  1  2  3  4  5 |
---------------+----------------+-----
Dodging        | 2 3 |  3.3
Fighting       | 2 3 |  3.5
Unarmed Combat | 4 |  4.4
Shapeshifting  | 4 |  4.2

Action                     |  1- 3 |  4- 6 || total
---------------------------+-------+-------++-------
  Melee: Unarmed           |    49 |   112 ||   161
         Tailslap          |     2 |     9 ||    11
         Punch             |       |     3 ||     3
Ability: Lunge             |       |    10 ||    10
    Use: Potion            |     1 |       ||     1
         Scroll            |       |     6 ||     6
   Stab: Sleeping          |       |     3 ||     3
 Armour: Skin              |    14 |    50 ||    64
  Dodge: Dodged            |    32 |    61 ||    93

Table legend: (Time is in decaauts)
 A = Elapsed time spent in this place.
 B = Non-inter-level travel time spent in this place.
 C = Inter-level travel time spent in this place.
 D = Time resting spent in this place.
 E = Time spent auto-exploring this place.
 F = Levels seen in this place.
 G = Mean time per level.
                   A        B        C        D        E       F      G
               +--------+--------+--------+--------+--------+-----+--------+
         Total |   2813 |   2628 |    185 |     31 |   2099 |   4 |  703.2 |
       Dungeon |   2813 |   2628 |    185 |     31 |   2099 |   4 |  703.2 |
               +--------+--------+--------+--------+--------+-----+--------+

Top non-repeatable levels by time:
     D:1: 817 daAuts
     D:3: 790 daAuts
     D:2: 778 daAuts
     D:4: 426 daAuts
